 Dungeon Crawl Stone Soup version 0.30-a0-802-gb92711bcdf (webtiles) character file.

Game seed: 6541763045457409736

19317 bmack86 the Peltast (level 12, 0/105 HPs)
             Began as a Minotaur Fighter on Feb 25, 2023.
             Was the Champion of Okawaru.
             Slain by a nine-headed hydra (3 damage)
             ... on level 2 of the Lair of Beasts.
             The game lasted 00:28:54 (10992 turns).

bmack86 the Peltast (Minotaur Fighter)             Turns: 10992, Time: 00:28:54

Health: 0/105      AC: 20    Str: 26    XL:     12   Next: 35%
Magic:  0/16       EV: 11    Int:  1    God:    Okawaru [******]
Gold:   335        SH: 30    Dex: 16    Spells: 11/11 levels left

rFire   . . .      SeeInvis .    c - +6 broad axe (venom)
rCold   . . .      Faith    .    w - +10 tower shield of Ignorance {rN+ Int-4}
rNeg    + . .      Spirit   +    O - +1 plate armour {rPois}
rPois   +          Reflect  .    (helmet restricted)
rElec   .          Harm     .    q - +1 cloak {Stlth+}
rCorr   .          Rampage  .    N - +0 pair of gloves
Will    .....                    u - +0 pair of boots Stlth
                                 I - amulet of guardian spirit
HPRegen 0.37/turn                r - +6 ring of dexterity
MPRegen 0.15/turn                s - +5 ring of evasion

@: studying Shields
A: horns 2, retaliatory headbutt
a: Renounce Religion, Heroism, Finesse, Duel


You were on level 2 of the Lair of Beasts.
You worshipped Okawaru.
Okawaru was exalted by your worship.
You visited 3 branches of the dungeon, and saw 13 of its levels.
You also visited: Sewer.

You collected 829 gold pieces.
You spent 494 gold pieces at shops.

Inventory:

Hand Weapons
 a - a +0 heavy war axe
 c - a +6 broad axe of venom (weapon)
Missiles
 i - 5 poisoned darts
 j - 2 silver boomerangs
 z - 4 boomerangs (quivered)
 R - 3 silver javelins
Armour
 e - a +0 plate armour
 m - a scarf of resistance
 q - a +1 cloak of stealth (worn)
 u - a +0 pair of boots (worn)
 w - the +10 tower shield of Ignorance (worn) {rN+ Int-4}
   (You acquired it on level 5 of the Dungeon)

   Int:       It affects your intelligence (-4).
   rN:        It protects you from negative energy.
 N - a +0 pair of gloves (worn)
 O - a +1 plate armour of poison resistance (worn)
Jewellery
 r - a +6 ring of dexterity (left hand)
 s - a +5 ring of evasion (right hand)
 t - a ring of poison resistance
 B - a +6 ring of dexterity
 C - a ring of see invisible
 I - an amulet of guardian spirit (around neck)
 J - an amulet of the acrobat
 M - a ring of ice
 S - a ring of ice
Wands
 b - a wand of flame (13)
 H - a wand of digging (6)
 P - a wand of light (5)
Scrolls
 h - a scroll of torment
 k - 2 scrolls of vulnerability
 n - 2 scrolls of blinking
 y - 2 scrolls of magic mapping
 F - 4 scrolls of teleportation
 G - a scroll of amnesia
 L - a scroll of immolation
 Q - a scroll of poison
 T - 2 scrolls of fog
Potions
 d - 3 potions of might
 f - 2 potions of berserk rage
 g - 2 potions of lignification
 l - 2 potions of heal wounds
 o - 2 potions of flight
 p - 10 potions of curing
 v - 2 potions of ambrosia {unknown}
 x - 3 potions of haste
 A - 4 potions of mutation
 D - a potion of attraction {unknown}
 E - a potion of magic {unknown}
 K - 2 potions of brilliance {unknown}


   Skills:
 + Level 9.6 Fighting
 * Level 13.0 Axes
 + Level 7.1 Throwing
 + Level 9.8 Armour
 * Level 16.7 Shields
 + Level 6.8 Invocations


You had 11 spell levels left.
You didn't know any spells.
Your spell library contained the following spells:

 Spells                   Type           Power      Damage    Failure   Level
 Beastly Appendage        Tmut           0%         N/A       100%        1
 Freeze                   Ice            0%         1d3       100%        1
 Magic Dart               Conj           0%         1d3       100%        1
 Lesser Beckoning         Tloc           0%         N/A       100%        2
 Wereblood                Tmut           0%         N/A       100%        2
 Frozen Ramparts          Ice            0%         1d1       100%        3
 Gell's Gravitas          Tloc           0%         N/A       100%        3
 Hailstorm                Conj/Ice       0%         3d3       100%        3
 Mephitic Cloud           Conj/Pois/Air  0%         N/A       100%        3
 Spider Form              Tmut/Pois      0%         N/A       100%        3
 Teleport Other           Tloc           0%         N/A       100%        3
 Passage of Golubria      Tloc           0%         N/A       100%        4
 Blade Hands              Tmut           0%         N/A       100%        5
 Yara's Violent Unravell  Hex/Tmut       0%         3d3       100%        5
 Iron Shot                Conj/Erth      0%         9d1       100%        6
 Call Imp                 Summ           Unusable   N/A       N/A         2
 Tukima's Dance           Hex            Unusable   N/A       N/A         3
 Animate Armour           Summ/Erth      Unusable   N/A       N/A         4

Dungeon Overview and Level Annotations

Branches:
Dungeon (9/15)             Temple (1/1) D:4            Lair (3/5) D:8
 Shoals (0/4) Lair:2        Sewer (visited)
  Snake: Lair:2-3    Spider: Lair:2-3       Orc: D:9-12

Altars:
Cheibriados
Dithmenos
Elyvilon
Fedhas
Gozag
Hepliaklqana
Kikubaaqudgha
Makhleb
Nemelex Xobeh
Okawaru
Qazlal
Ru
Sif Muna
Trog
Uskayaw
Vehumet
Wu Jian
Xom
Yredelemnul
Zin
The Shining One

Shops:
D:3 :   D:4 *   D:7 *?*=


Innate Abilities, Weirdness & Mutations

You have a pair of horns on your head.
You reflexively headbutt those who attack you in melee.


Message History

The seven-headed hydra is heavily wounded.
You slash the water moccasin!
The water moccasin is poisoned.
You chop one of the seven-headed hydra's heads off!
The six-headed hydra grows two more!
You slice the eight-headed hydra!! You slash the wyvern!
The wyvern is poisoned.
You block the wyvern's attack. You block the water moccasin's attack.
You block the eight-headed hydra's attack.
The eight-headed hydra barely misses you.
The eight-headed hydra bites you!
* * * LOW HITPOINT WARNING * * *
You block the eight-headed hydra's attack. x2
The eight-headed hydra barely misses you.
You block the eight-headed hydra's attack.
The eight-headed hydra barely misses you.
The seven-headed hydra barely misses you.
The seven-headed hydra bites you.
* * * LOW HITPOINT WARNING * * *
The seven-headed hydra bites you but does no damage.
The seven-headed hydra closely misses you.
The seven-headed hydra barely misses you.
The seven-headed hydra misses you. The seven-headed hydra bites you.
* * * LOW HITPOINT WARNING * * *
The wyvern closely misses you. You furiously retaliate!
You headbutt the wyvern!
You kill the wyvern!
Okawaru accepts your kill.
Your Axes skill increases to level 13!
You slice one of the eight-headed hydra's heads off!
The seven-headed hydra grows two more!
You slice the nine-headed hydra!! You headbutt the nine-headed hydra!
The nine-headed hydra is heavily wounded.
You hit the water moccasin but do no damage.
You slice one of the seven-headed hydra's heads off!
The six-headed hydra grows two more!
You slash the eight-headed hydra!
The eight-headed hydra looks as sick as possible!
You block the water moccasin's attack.
You block the nine-headed hydra's attack. x2
The nine-headed hydra closely misses you.
The nine-headed hydra bites you.
You die...

### ######.#######
##############.##†Y.##.##.#
#.#P#.P#..##..YS@DY......##
.........###..l#D##.####.#
..#####..# #..####### #.###
.## ##.# #.## ####...# ##
#.# #..# #.##.### ## #.#
#.## #####...#### P#
#.###<.####........#.# .#
#..##.#..#..P...#...## ##
#...................#


You could see a nine-headed hydra (very poisoned), an eight-headed hydra
(extremely poisoned), a komodo dragon, 3 yaks and a water moccasin (very
poisoned).

Vanquished Creatures
  Fannar (Lair:1)
  A manticore (Lair:2)
  5 elephants (Lair:1)
  2 black mambas
  3 cane toads
  5 komodo dragons
  A wind drake (Lair:2)
  8 blink frogs
  2 basilisks (Lair:2)
  3 wyverns
  21 yaks
  3 steam dragons
  11 water moccasins
  6 orc warriors
  2 ice beasts
  3 sky beasts
  3 black bears
  3 ogres
  28 wolves
  A centaur (D:8)
  2 phantoms
  A kobold brigand (D:8)
  7 bullfrogs
  2 necrophages
  6 scorpions
  5 wights (D:6)
  3 killer bees (D:9)
  3 electric eels (Lair:1)
  2 howler monkeys
  6 hounds
  4 jellies
  8 orc priests
  Crazy Yiuf (D:2)
  3 gnoll boudas
  7 iguanas
  5 orc wizards
  A hell rat (Sewer)
  16 gnolls
  6 adders
  4 river rats
  2 white imps (D:6)
  4 worms (D:4)
  3 dart slugs
  21 orcs
  4 ball pythons
  9 endoplasms
  4 giant cockroaches
  10 goblins
  6 hobgoblins
  4 jackals (D:1)
  12 kobolds
  4 quokkas
  8 bats
  4 frilled lizards
  8 rats
307 creatures vanquished.

Vanquished Creatures (others)
  18 fungi
  30 plants
48 creatures vanquished.

Grand Total: 355 creatures vanquished

Notes
Turn   | Place    | Note
-------+----------+-------------------------------------------
     0 | D:1      | bmack86 the Minotaur Fighter began the quest for the Orb.
     0 | D:1      | Reached XP level 1. HP: 19/19 MP: 0/0
   233 | D:1      | Reached XP level 2. HP: 27/27 MP: 1/1
   367 | D:1      | Reached skill level 4 in Shields
   367 | D:1      | Reached XP level 3. HP: 21/33 MP: 2/2
  1375 | D:2      | Reached XP level 4. HP: 40/40 MP: 3/3
  1796 | D:2      | Found a runed translucent door.
  1797 | D:2      | Noticed Crazy Yiuf
  1805 | D:2      | Killed Crazy Yiuf
  1806 | D:2      | Reached skill level 1 in Throwing
  1904 | D:2      | Identified the +1 hammer of the Bespelling Coward {freeze,
                  | +Blink rElec}
  1965 | D:3      | Found a faded altar of an unknown god.
  2074 | D:3      | Found the +8 trident of the Octopus King {venom, rElec
                  | rPois}
  2081 | D:3      | Found Ticysh's Vocational Training.
  2457 | D:3      | Found a white marble altar of Elyvilon.
  2542 | D:3      | Found a bloodstained altar of Trog.
  2552 | D:3      | Reached XP level 5. HP: 47/47 MP: 4/4
  2633 | D:4      | Found a staircase to the Ecumenical Temple.
  2660 | Temple   | Entered the Ecumenical Temple
  2815 | D:4      | Reached XP level 6. HP: 53/53 MP: 5/5
  2870 | D:4      | Found a radiant altar of Vehumet.
  2920 | D:4      | Reached skill level 5 in Axes
  2977 | D:4      | Found a glowing drain.
  2981 | Sewer    | Entered a sewer
  3134 | D:4      | Found Rinoer's General Store.
  3222 | D:4      | Found an ornate altar of the Wu Jian Council.
  3227 | D:4      | Found a basalt altar of Yredelemnul.
  3232 | D:4      | Found an iron altar of Okawaru.
  3236 | D:4      | Became a worshipper of Warmaster Okawaru
  3453 | D:4      | Reached skill level 5 in Armour
  3606 | D:4      | Reached skill level 5 in Fighting
  3606 | D:4      | Reached skill level 5 in Shields
  3801 | D:5      | Entered Level 5 of the Dungeon
  3850 | D:5      | Reached XP level 7. HP: 61/61 MP: 6/6
  3867 | D:5      | Reached skill level 1 in Invocations
  3913 | D:5      | Identified 2 scrolls of acquirement
  3913 | D:5      | Acquired a manual of Shields
  3915 | D:5      | Acquired the +10 tower shield of Ignorance {rN+ Int-4}
  3915 | D:5      | Found the +10 tower shield of Ignorance {rN+ Int-4}
  3971 | D:5      | Reached * piety under Okawaru
  3972 | D:5      | Found a shadowy altar of Dithmenos.
  4010 | D:5      | Reached skill level 6 in Shields
  4476 | D:5      | Reached XP level 8. HP: 32/69 MP: 8/8
  4649 | D:5      | Found a blossoming altar of Fedhas.
  4838 | D:6      | Reached skill level 7 in Shields
  4867 | D:6      | Reached skill level 8 in Shields
  4881 | D:6      | Reached ** piety under Okawaru
  5045 | D:6      | Reached skill level 9 in Shields
  5138 | D:6      | Found a sacrificial altar of Ru.
  5192 | D:6      | Reached XP level 9. HP: 78/78 MP: 10/10
  5361 | D:6      | Found a stormy altar of Qazlal.
  5394 | D:6      | Found a glowing golden altar of the Shining One.
  5573 | D:6      | Reached skill level 10 in Shields
  5761 | D:6      | Found a sparkling altar of Nemelex Xobeh.
  5864 | D:7      | Reached *** piety under Okawaru
  5969 | D:7      | Found Irphank's Magic Scroll Emporium.
  5987 | D:7      | Found Feylyvaa's Assorted Antiques.
  6163 | D:7      | Found Arora's Assorted Antiques.
  6276 | D:7      | Reached skill level 11 in Shields
  6396 | D:7      | Found Xunosek's Jewellery Emporium.
  6575 | D:8      | Found a staircase to the Lair.
  6815 | D:8      | Reached **** piety under Okawaru
  6816 | D:8      | Reached XP level 10. HP: 76/86 MP: 12/12
  7271 | D:8      | Reached skill level 5 in Throwing
  7612 | D:9      | Reached skill level 12 in Shields
  7637 | D:9      | Reached skill level 10 in Axes
  7645 | D:9      | HP: 2/86 [orc warrior/+3 long sword (6)]
  7799 | D:7      | Bought a shiny plate armour for 494 gold pieces
  7967 | D:9      | Identified the +3 mace of Hamaowel {heavy, rElec Dex+3
                  | Stlth+}
  8462 | Lair:1   | Entered Level 1 of the Lair of Beasts
  8499 | Lair:1   | Reached ***** piety under Okawaru
  8500 | Lair:1   | Reached skill level 13 in Shields
  8501 | Lair:1   | Reached skill level 5 in Invocations
  8607 | Lair:1   | Received a gift from Okawaru
  8690 | Lair:1   | Noticed a cane toad
  8698 | Lair:1   | Killed a cane toad
  8699 | Lair:1   | Reached XP level 11. HP: 76/94 MP: 10/13
  8871 | Lair:1   | Noticed Fannar
  8896 | Lair:1   | Reached skill level 14 in Shields
  8897 | Lair:1   | Received a gift from Okawaru
  8934 | Lair:1   | Received a gift from Okawaru
  8962 | Lair:1   | Identified the +1 buckler of Naampe {rElec rN+} (Okawaru
                  | gifted it to you on level 1 of the Lair of Beasts)
  8962 | Lair:1   | Received a gift from Okawaru
  8985 | Lair:1   | Killed Fannar
  9258 | Lair:1   | Reached skill level 15 in Shields
 10033 | Lair:2   | Found a staircase to the Shoals.
 10126 | Lair:2   | Reached XP level 12. HP: 96/104 MP: 13/15
 10145 | Lair:2   | Reached skill level 16 in Shields
 10492 | Lair:2   | Reached ****** piety under Okawaru
 10492 | Lair:2   | Received a gift from Okawaru
 10869 | Lair:3   | Noticed a five-headed hydra
 10962 | Lair:3   | Noticed a six-headed hydra
 10991 | Lair:2   | HP: 2/105 [seven-headed hydra (4)]
 10992 | Lair:2   | Slain by a nine-headed hydra

Illustrated notes

Levels and vault maps discovered:
D:1:      ncdulo_wetmaze, layout_loops_corners
D:2:      layout_loops_ring, nicolae_kite_square_tiling_tiny,
          uniq_crazy_yiuf_cottage
D:3:      layout_loops_cross, mainiacjoe_overflow_catwalk, trog_hazing_becter,
          nicolae_ecumenical_pavilion, nicolae_shop_vocational
D:4:      layout_basic, mainiacjoe_overflow_paths,
          grunt_temple_overflow_diamond, minmay_temple_entry_wispy,
          serial_shops, nicolae_shop_hallway_plus, gup_sewer_entry_spiral
D:5:      layout_rooms, nicolae_dithmenos_shadow_blocks, marbit_many_paths,
          serial_bayou, serial_bayou_crossing, serial_bayou_lake_a,
          serial_bayou_shore_b, serial_bayou_pond_a
D:6:      layout_gridville, nicolae_ru_sacrificial_ziggurat,
          nicolae_overflow_hidden_temple, grunt_qazlal_sundering,
          mainiacjoe_overflow_six_doors_small, grunt_decor_arrowhead,
          minmay_joined_circles
D:7:      nicolae_BIG_FREAKIN_CUBE, layout_cave_pools, serial_shops,
          nicolae_shop_advertising_works [nicolae_subvault_shop_adworks],
          nicolae_stop_n_shop_2, shop, shop
D:8:      layout_basic, lair_entry_dummy, minmay_misc_feat_square,
          kennysheep_generic_room_13
D:9:      layout_big_octagon, grunt_ministairs_4
Temple:   hellmonk_temple_rainy
Lair:1:   layout_cave_pods, serial_bayou_shore_a, uniq_fannar
Lair:2:   layout_loops_ring, minmay_shoals_entry_beasts
Lair:3:   layout_chaotic_city, hellmonk_spider_entry_life_and_decay,
          grunt_megastairs_3, uniq_nergalle

Skill      XL: |  1  2  3  4  5  6  7  8  9 10 11 12 |
---------------+-------------------------------------+-----
Axes           | 3 4 5 6 8 9 10 12 13 | 13.0
Fighting       | 4 5 6 7 8 9 |  9.6
Armour         | 4 5 6 7 8 9 |  9.8
Shields        | 4 5 6 9 11 13 15 16 | 16.7
Throwing       | 1 2 3 4 5 6 7 |  7.1
Invocations    | 2 3 4 5 6 |  6.8

Action                     |  1- 3 |  4- 6 |  7- 9 | 10-12 || total
---------------------------+-------+-------+-------+-------++-------
  Melee: War axe           |    75 |   125 |   235 |   420 ||   855
         Headbutt          |    11 |    15 |    42 |   110 ||   178
         Broad axe         |       |       |       |    10 ||    10
  Throw: Boomerang         |       |       |       |    23 ||    23
 Invoke: Heroism           |       |       |     3 |     6 ||     9
    Use: Scroll            |     1 |     8 |     9 |     6 ||    24
         Potion            |       |       |       |     4 ||     4
 Armour: Scale mail        |    37 |       |       |       ||    37
         Plate armour      |    14 |    59 |   148 |   195 ||   416
  Dodge: Dodged            |    48 |    69 |   160 |   212 ||   489
  Block: Buckler           |    16 |    36 |   108 |   118 ||   278
         Tower shield      |       |       |       |   296 ||   296

Table legend: (Time is in decaauts)
 A = Elapsed time spent in this place.
 B = Non-inter-level travel time spent in this place.
 C = Inter-level travel time spent in this place.
 D = Time resting spent in this place.
 E = Time spent auto-exploring this place.
 F = Levels seen in this place.
 G = Mean time per level.
                   A        B        C        D        E       F      G
               +--------+--------+--------+--------+--------+-----+--------+
         Total |  11184 |  10637 |    547 |    198 |   7203 |  14 |  798.9 |
       Dungeon |   8534 |   8048 |    486 |     57 |   5574 |   9 |  948.2 |
        Temple |     15 |     15 |      0 |      0 |      0 |   1 |   15.0 |
          Lair |   2525 |   2465 |     60 |    141 |   1628 |   3 |  841.7 |
         Sewer |    108 |    108 |      0 |      0 |      0 |   1 |  108.0 |
               +--------+--------+--------+--------+--------+-----+--------+

Top non-repeatable levels by time:
  Lair:1: 1406 daAuts
     D:4: 1139 daAuts
     D:1: 1128 daAuts
  Lair:2: 1108 daAuts
     D:8: 1085 daAuts
     D:6: 1077 daAuts
     D:5: 1018 daAuts
     D:2: 879 daAuts
     D:7: 788 daAuts
     D:9: 766 daAuts
     D:3: 650 daAuts
   Sewer: 108 daAuts
  Temple: 15 daAuts
  Lair:3: 11 daAuts
